 Dungeon Crawl Stone Soup version 0.31-a0-846-gb3bcc0d938 (webtiles) character file.

Game seed: 1608994925865811289

14 demivan the Firebug (level 2, -3/26 HPs)
             Began as a Meteoran Cinder Acolyte on Oct 4, 2023.
             Was a High Priest of Ignis.
             Slain by a gnoll
             ... wielding a +0 flail
              (5 damage)
             ... on level 2 of the Dungeon.
             The game lasted 00:03:23 (566 turns).

demivan the Firebug (Meteoran Cinder Acolyte)        Turns: 566, Time: 00:03:24

Health: -3/26      AC:  2    Str: 15    XL:     2   Next: 76%
Magic:  5/5        EV: 11    Int: 15    God:    Ignis [*****.]
Gold:   45         SH:  0    Dex:  9    Spells: 4/4 levels left

rFire   + . .        a - -1 hand axe (flame)
rCold   . . .        (no shield)
rNeg    . . .        b - +0 robe
rPois   .            (no helmet)
rElec   .            (no cloak)
rCorr   .            (no gloves)
SInv    .            (no boots)
Will    .....        (no amulet)
Stlth   +            (no ring)
HPRegen 0.24/turn    (no ring)
MPRegen 0.09/turn

%: no passive effects
@: glowing
A: sense surroundings 1, otherworldly, glowing, explore regen
a: Renounce Religion, Fiery Armour, Foxfire Swarm, Rising Flame


You were on level 2 of the Dungeon.
You worshipped Ignis.
Ignis was extremely pleased with you.
You visited 1 branch of the dungeon, and saw 2 of its levels.

You collected 45 gold pieces.

Inventory:

Hand Weapons
 a - a -1 hand axe of flaming (weapon)
 e - a +4 spear
Armour
 b - a +0 robe (worn)
Scrolls
 c - 2 scrolls of teleportation {unknown}
 d - a scroll of identify {unknown}
 f - a scroll of blinking {unknown}
Potions
 g - 2 potions of heal wounds {unknown}


   Skills:
 + Level 3.5 Fighting
 + Level 3.9 Axes
 + Level 1.8 Spellcasting
 + Level 3.9 Fire Magic


You had 4 spell levels left.
You didn't know any spells.
Your spell library contained the following spells:

 Spells                   Type           Power      Damage    Failure   Level
 Scorch                   Fire           26%        2d6       7%          2
 Magic Dart               Conj           4%         1d3       22%         1
 Sting                    Tmut/Pois      4%         1d3       22%         1
 Poisonous Vapours        Pois/Air       2%         N/A       34%         2
 Searing Ray              Conj           2%         2d4       34%         2
 Fulminant Prism          Conj/Hex       0%         3d5       92%         4
 Olgreb's Toxic Radiance  Pois           1%         N/A       92%         4


Dungeon Overview and Level Annotations

Branches:
Dungeon (2/15) Zot: 629

Altars:


Innate Abilities, Weirdness & Mutations

You passively map a small area around you.
You are easily found by Zot.
You glow in the dark.
You regain HP and MP as you explore.


Message History

The endoplasm is heavily wounded.
The endoplasm closely misses you.
You hit the endoplasm. You burn the endoplasm.
You kill the endoplasm!
You see here a rat skeleton.
You have lingered too long.
Zot senses you.
Dive deeper or flee this branch before you suffer!
Search for what [? for help]? .
There is a stone staircase leading down here.
You climb downwards.
As you enter the new level, Zot loses track of you.
Found a mace.
There is a stone staircase leading up here.
You see here a +0 mace.
You see here a +2 rapier of venom.
A gnoll comes into view. It is wielding a +0 spear.
The gnoll shouts!
You hear a shout!
A gnoll comes into view. It is wielding a +0 spear.
A gnoll comes into view. It is wielding a +0 flail.
The gnoll shouts!
The gnoll hits you from afar with a +0 spear.
A gnoll comes into view. It is wielding a +0 spear.
You hit the gnoll. You burn the gnoll.
The gnoll is moderately wounded.
You closely miss the gnoll. The gnoll hits you with a +0 flail!
The gnoll misses you.
You hit the gnoll but do no damage.
The gnoll is moderately wounded.
You completely miss the gnoll. The gnoll barely misses you. x2
The gnoll hits you with a +0 spear.
You are too injured to fight recklessly!
You are too injured to fight recklessly!
You hit the gnoll but do no damage. You hit the gnoll. You burn the gnoll.
The gnoll hits you but does no damage. The gnoll closely misses you.
The gnoll hits you with a +0 spear.
* * * LOW HITPOINT WARNING * * *
You hit the gnoll but do no damage. You barely miss the gnoll.
The gnoll hits you from afar with a +0 spear.
* * * LOW HITPOINT WARNING * * *
The gnoll hits you with a +0 flail.
You die...

#######...####.,.#*
.....##.....##...#* ..#
* #......#.# ...# ,..#
####.....##.# ...#*...#
, .........##.#
,..##...## *
####.....##.#
,......... , .#
#.#+#.##.####.#...... ,
.#
#.#,#.##.......g.....
.###)#,#.#######@##....
, .....#
........ggg..... ,
<###.# ########.##.....
, .# #.# * , ... .... ,
.# #.#, * * ... ,... .#
#.# .#.## .. , .. ..# *
.#.# . * ## ### #.#.# ,
> * *


You could see 4 gnolls.

Vanquished Creatures
  A bat (D:1)
  3 endoplasms (D:1)
  A giant cockroach (D:1)
  A goblin (D:1)
  A hobgoblin (D:1)
  2 kobolds (D:1)
  A frilled lizard (D:1)
  A rat (D:1)
11 creatures vanquished.

Notes
Turn   | Place    | Note
-------+----------+-------------------------------------------
     0 | D:1      | demivan the Meteoran Cinder Acolyte began the quest for the
                  | Orb.
     0 | D:1      | Reached XP level 1. HP: 19/19 MP: 3/3
   202 | D:1      | Reached XP level 2. HP: 21/26 MP: 5/5
   496 | D:1      | Glimpsed the power of Zot.
   566 | D:2      | Slain by a gnoll

Illustrated notes

Levels and vault maps discovered:
D:1:      dpeg_arrival_tiny_b, layout_rooms
D:2:      kennysheep_big_flooded_room, layout_basic

Action                     || total
---------------------------++-------
  Melee: Hand axe          ||    34
 Armour: Robe              ||    21
  Dodge: Dodged            ||    26

Table legend: (Time is in decaauts)
 A = Elapsed time spent in this place.
 B = Non-inter-level travel time spent in this place.
 C = Inter-level travel time spent in this place.
 D = Time resting spent in this place.
 E = Time spent auto-exploring this place.
 F = Levels seen in this place.
 G = Mean time per level.
                   A        B        C        D        E       F      G
               +--------+--------+--------+--------+--------+-----+--------+
         Total |    569 |    544 |     25 |      0 |     26 |   2 |  284.5 |
       Dungeon |    569 |    544 |     25 |      0 |     26 |   2 |  284.5 |
               +--------+--------+--------+--------+--------+-----+--------+

Top non-repeatable levels by time:
     D:1: 535 daAuts
     D:2: 34 daAuts
